 Dungeon Crawl Stone Soup version 0.25-a0-189-gf71692caf1 (webtiles) character file.

Game seed: 8236996119949173007, levelgen mode: classic

43 EnegeticOcto the Skirmisher (level 3, -3/29 HPs)
             Began as a Mummy Berserker on Nov 29, 2019.
             Was a Follower of Trog.
             Slain by a goblin
             ... wielding a +0 club
              (4 damage)
             ... on level 2 of the Dungeon.
             The game lasted 00:01:20 (1376 turns).

EnegeticOcto the Skirmisher (Mummy Berserker)       Turns: 1376, Time: 00:01:20

Health: -3/29      AC:  2    Str: 20    XL:     3   Next: 37%
Magic:  3/3        EV: 12    Int:  6    God:    Trog [*.....]
Gold:   53         SH:  0    Dex: 12    Spells: 2/2 levels left

rFire    x . .     SeeInvis .   a - +0 mace
rCold    + . .     Gourm    .   (no shield)
rNeg     + + +     Faith    .   b - +0 animal skin
rPois    ∞         Spirit   .   (no helmet)
rElec    .         Reflect  .   (no cloak)
rCorr    .         Harm     .   (no gloves)
MR       .....                  (no boots)
Stlth    ..........             (no amulet)
HPRegen  0.09/turn              f - ring of attention (curse)
MPRegen  0.08/turn              (no ring)

@: no status effects
A: no food or potions, fire vulnerability, cold resistance 1, negative energy
resistance 3, torment resistance, unbreathing
a: Renounce Religion


You were on level 2 of the Dungeon.
You worshipped Trog.
Trog was aware of your devotion.
You were not hungry.

You visited 1 branch of the dungeon, and saw 2 of its levels.

You collected 53 gold pieces.

Inventory:

Hand Weapons
 a - a +0 mace (weapon)
Missiles
 c - 16 bolts
Armour
 b - a +0 animal skin (worn)
Jewellery
 f - a cursed ring of attention (left hand)


   Skills:
 + Level 3.5 Fighting
 * Level 3.3 Maces & Flails
 - Level 1.5 Armour
 - Level 1.5 Dodging


You had 2 spell levels left.
You didn't know any spells.
Your spell library was empty.

Dungeon Overview and Level Annotations

Branches:
Dungeon (2/15)

Altars:


Innate Abilities, Weirdness & Mutations

You do not eat or drink.
Your flesh is vulnerable to fire.
You are immune to poison.
Your flesh is cold resistant. (rC+)
You are immune to negative energy. (rN+++)
You are immune to unholy pain and torment.
You can survive without breathing.


Message History

You hit the adder.
The adder is moderately wounded.
The adder bites you.
You barely miss the adder.
The adder is moderately wounded.
The adder bites you. The adder barely misses you.
You miss the adder.
The adder is lightly wounded.
The adder barely misses you. The adder bites you.
You hit the adder.
The adder is moderately wounded.
The adder closely misses you.
A goblin comes into view.
The goblin shouts!
You hit the adder.
The adder is heavily wounded.
The adder misses you. The adder bites you.
You closely miss the adder.
The adder is heavily wounded.
The adder barely misses you.
A goblin comes into view. It is wielding a +0 club.
The adder bites you.
You are too injured to fight recklessly!
You are too injured to fight recklessly!
You are too injured to fight recklessly!
You are too injured to fight recklessly!
You are too injured to fight recklessly!
You are too injured to fight recklessly!
You are too injured to fight recklessly!
You are too injured to fight recklessly!
You are too injured to fight recklessly!
You are too injured to fight recklessly!
You are too injured to fight recklessly!
You are too injured to fight recklessly!
You are too injured to fight recklessly!
You are too injured to fight recklessly!
You are too injured to fight recklessly!
You are too injured to fight recklessly!
The adder bites you. The bat misses you. The adder barely misses you.
The bat hits you but does no damage. The bat closely misses you.
You miss the bat. The bat barely misses you. The bat misses you.
The bat hits you.
You miss the bat. The bat barely misses you.
You barely miss the bat. The bat hits you but does no damage. x2
As you read the scroll labeled CIXKAOPHOM, it crumbles to dust.
It is a scroll of amnesia.
You feel forgetful for a moment. The bat misses you.
As you read the scroll labeled OBAFEODWEG, it crumbles to dust.
It is a scroll of identify.
You don't have any unidentified items.
The bat closely misses you. The bat hits you but does no damage.
You closely miss the bat. The bat misses you. The bat closely misses you.
You are too injured to fight recklessly!
You are too injured to fight recklessly!
You are too injured to fight recklessly!
You are too injured to fight recklessly!
You are too injured to fight recklessly!
You are too injured to fight recklessly!
You are too injured to fight recklessly!
You are too injured to fight recklessly!
You are too injured to fight recklessly!
You are too injured to fight recklessly!
You are too injured to fight recklessly!
You are too injured to fight recklessly!
You are too injured to fight recklessly!
You are too injured to fight recklessly!
You are too injured to fight recklessly!
You are too injured to fight recklessly!
You are too injured to fight recklessly!
You are too injured to fight recklessly!
You are too injured to fight recklessly!
You hit the bat.
You kill the bat!
Trog accepts your kill. The adder closely misses you.
You thump the adder!
You kill the adder!
Trog accepts your kill.
You hit the hobgoblin.
You kill the hobgoblin!
Trog accepts your kill.
You thump the goblin!
You kill the goblin!
Trog accepts your kill.
You hit the goblin.
You kill the goblin!
Trog accepts your kill.
You barely miss the goblin. The goblin barely misses you.
You hit the goblin but do no damage. The goblin hits you with a +0 club.
You hit the goblin.
The goblin is severely wounded.
The goblin hits you with a +0 club.
* * * LOW HITPOINT WARNING * * *
You barely miss the goblin.
The goblin is severely wounded.
The goblin hits you with a +0 club.
* * * LOW HITPOINT WARNING * * *
The goblin hits you with a +0 club.
You die...

.....#....####
.#.#.#....######
..............#
#######.........#
.. ..#.........#
##.#.##.##......# #
[g...#.##......#
#.###.###.........#
#..@g......########
######.....#
#######


You could see a goblin.

Vanquished Creatures
  An adder (D:2)
  An ooze (D:2)
  A dart slug (D:2)
  A leopard gecko (D:1)
  6 hobgoblins
  2 jackals (D:1)
  A quokka (D:2)
  5 bats
  A frilled lizard (D:1)
  3 goblins (D:2)
  A kobold (D:2)
  3 rats (D:1)
26 creatures vanquished.

Notes
Turn   | Place    | Note
-------+----------+-------------------------------------------
     0 | D:1      | EnegeticOcto the Mummy Berserker began the quest for the
                  | Orb.
     0 | D:1      | Reached XP level 1. HP: 18/18 MP: 1/1
   529 | D:1      | Reached XP level 2. HP: 24/24 MP: 2/2
   767 | D:2      | Found a faded altar of an unknown god.
  1314 | D:2      | Reached XP level 3. HP: 27/29 MP: 3/3
  1376 | D:2      | HP: 1/29 [goblin/+0 club (6)]
  1376 | D:2      | Slain by a goblin

Levels and vault maps discovered:
D:1:      wheals_arrival_linesprint, layout_loops_ring, serial_bayou,
          serial_bayou_pond_c, serial_bayou_pond_e, serial_bayou_pond_a,
          serial_bayou_crossing
D:2:      layout_basic, nicolae_qazlal_style_of_elements,
          chequers_ecumenical_altar_simple_redux, first_ration,
          roderic_roman_lattice, minmay_split_cup_large

Skill      XL: |  1  2 |
---------------+-------+-----
Maces & Flails | 3 |  3.3
Fighting       | |  3.5
Armour         | |  1.5
Dodging        | |  1.5

Action                   || total
-------------------------++-------
Melee: Mace              ||    86
  Use: Scroll            ||     2
Armor: Animal skin       ||    24
Dodge: Dodged            ||    88

Table legend:
 A = Non-vault XP
 B = Vault XP
 C = Vault XP percentage of total XP
 D = Non-vault monster count
 E = Vault monster count
 F = Vault count percentage of total count
                 A         B        C        D         E       F
            +---------+---------+-------+---------+---------+-------
      Total |      44 |      18 |  29.0 |      22 |       4 |  15.4
            +---------+---------+-------+---------+---------+-------
        D:1 |      20 |       0 |   0.0 |      12 |       0 |   0.0
        D:2 |      24 |      18 |  42.9 |      10 |       4 |  28.6
            +---------+---------+-------+---------+---------+-------
